 Dungeon Crawl Stone Soup version 0.32-a0-900-g30fb1b0edc (webtiles) character file.

Game seed: 6006784144898093999

382 GiantSquids the Cleaver (level 6, -4/51 HPs)
             Began as a Mountain Dwarf Fighter on Apr 5, 2024.
             Was an Initiate of Okawaru.
             Slain by Duvessa
             ... wielding a +0 rapier
              (9 damage)
             ... on level 4 of the Dungeon.
             The game lasted 00:03:50 (2859 turns).

GiantSquids the Cleaver (Mountain Dwarf Fighter)    Turns: 2859, Time: 00:03:51

Health: -4/51      AC:  6    Str: 27    XL:     6   Next: 47%
Magic:  6/6        EV:  8    Int:  4    God:    Okawaru [......]
Gold:   222        SH:  4    Dex:  9    Spells: 5/5 levels left

rFire   . . .        a - +0 war axe
rCold   . . .        c - +0 buckler
rNeg    + . .        b - +0 scale mail
rPois   .            (no helmet)
rElec   +            (no cloak)
rCorr   .            (no gloves)
SInv    .            (no boots)
Will    .....        (no amulet) Stlth
                     s - ring of Abstinence {Fly rElec rN+ Str+6 Int-4}
HPRegen 0.28/turn    (no ring)
MPRegen 0.10/turn

%: no passive effects
@: mighty, flying
A: runic magic, artefact enchanting, inability to read after injury 1
a: Renounce Religion


You were on level 4 of the Dungeon.
You worshipped Okawaru.
Okawaru was noncommittal.
You visited 1 branch of the dungeon, and saw 4 of its levels.

You collected 222 gold pieces.

Inventory:

Hand Weapons
 a - a +0 war axe (weapon)
Missiles
 g - 55 stones (quivered)
Armour
 b - a +0 scale mail (worn)
 c - a +0 buckler (worn)
Jewellery
 m - a ring of ice
 p - a ring of wizardry
 s - the ring of Abstinence (left hand) {Fly rElec rN+ Str+6 Int-4}
   (You found it on level 3 of the Dungeon)

   [ring of strength]

   Str+6:     It affects your strength (+6).
   Int-4:     It affects your intelligence (-4).
   rElec:     It insulates you from electricity.
   rN+:       It protects you from negative energy.
   Fly:       It grants you flight.
Scrolls
 f - a scroll of fog {unknown}
 h - 2 scrolls of identify {unknown}
 i - 2 scrolls of immolation {unknown}
 j - a scroll of amnesia {unknown}
 k - a scroll of fear {unknown}
 l - a scroll of revelation {unknown}
 n - a scroll of blinking {unknown}
 o - a scroll of vulnerability {unknown}
Potions
 e - a potion of magic {unknown}
 q - a potion of mutation
 r - 2 potions of heal wounds {unknown}


   Skills:
 - Level 3.2 Fighting
 + Level 8.4 Axes
 - Level 3.2 Armour
 - Level 3.2 Shields


You had 5 spell levels left.
You didn't know any spells.
Your spell library contained the following spells:

 Spells                   Type           Power      Damage    Failure   Level
 Ensorcelled Hibernation  Hex/Ice        0%         N/A       77%         2
 Dazzling Flash           Conj/Hex       0%         N/A       94%         3
 Mephitic Cloud           Conj/Alch/Air  0%         N/A       94%         3
 Passwall                 Erth           0%         N/A       94%         3
 Swiftness                Air            0%         N/A       94%         3
 Dimensional Bullseye     Hex/Tloc       0%         N/A       100%        4
 Iskenderun's Mystic Bla Conj/Tloc 0%             2d3        (+2d1     100%        4
 Curse of Agony           Necr           0%         N/A       100%        5
 Silence                  Hex/Air        0%         N/A       100%        5
 Tukima's Dance           Hex            Unusable   N/A       N/A         3

Dungeon Overview and Level Annotations

Branches:
Dungeon (4/15)
 Temple: D:4-7

Altars:
Okawaru

Annotations:
D:2 1 runed translucent door, Crazy Yiuf
D:4 Dowan, Duvessa


Innate Abilities, Weirdness & Mutations

Your spellcasting is much less encumbered by armour.
You can use scrolls of enchantment on lesser artefacts.
You occasionally lose the ability to read scrolls when taking damage.


Message History

You slash Duvessa! Dowan hits you with a +0 dagger.
Duvessa completely misses you.
You closely miss Duvessa.
Duvessa is heavily wounded.
You closely miss Dowan.
Dowan points at you and mumbles some strange words.
You resist with some effort. You block Duvessa's attack.
Dowan hits you with a +0 dagger.
You closely miss Dowan.
Dowan is severely wounded.
You hit Duvessa. Duvessa hits you with a +0 rapier.
* * * LOW HITPOINT WARNING * * *
Dowan hits you with a +0 dagger.
* * * LOW HITPOINT WARNING * * *
Okay, then.
It was a potion of mutation.
You feel extremely strange.
You occasionally lose the ability to read scrolls when taking damage.
Duvessa completely misses you.
Dowan mumbles some strange words.
Dowan blinks!
You hit Duvessa.
Duvessa is severely wounded.
You slash the iguana! Duvessa barely misses you. The iguana bites you.
* * * LOW HITPOINT WARNING * * *
You barely miss Duvessa.
Duvessa is severely wounded.
You slash the iguana!
You kill the iguana!
Okawaru accepts your kill. Duvessa hits you with a +0 rapier.
* * * LOW HITPOINT WARNING * * *
You slash Duvessa!
Duvessa is almost dead.
You block Duvessa's attack.
Dowan gestures at Duvessa while chanting.
Duvessa seems to speed up.
You barely miss Duvessa.
Duvessa is almost dead.
Duvessa hits you with a +0 rapier!
You die...

.[........... #...........
###.......... ###
.####.......#
..#####..................#
........# ... ####...e...#
##.#####..>#.######..#####
#.#.....# #..##e...##
##...# #..##@#### ....##
#..#..# .##..# #....##
####.## #.#..# ####..#
##)))## ###
..###.#####..#.## ##.#
#.....##.....#..####..#
#####.##.............##
#.....##.##.######


You could see Duvessa (fast) and Dowan.

Vanquished Creatures
  Pargi (D:3)
  A phantom (D:4)
  2 hounds (D:4)
  2 iguanas (D:4)
  A sleepcap (D:4)
  An orc wizard (D:4)
  An adder (D:3)
  A ribbon worm (D:2)
  4 orcs (D:4)
  A ball python (D:1)
  7 endoplasms
  5 giant cockroaches
  4 goblins
  4 hobgoblins
  A quokka (D:3)
  6 bats
  3 frilled lizards
  A kobold (D:3)
  5 rats
51 creatures vanquished.

Notes
Turn   | Place    | Note
-------+----------+-------------------------------------------
     0 | D:1      | GiantSquids the Mountain Dwarf Fighter began the quest for
                  | the Orb.
     0 | D:1      | Reached XP level 1. HP: 19/19 MP: 1/1
    74 | D:1      | Reached skill level 3 in Axes
   164 | D:1      | Reached XP level 2. HP: 26/26 MP: 2/2
   654 | D:1      | Reached skill level 4 in Axes
  1244 | D:2      | Found a runed translucent door.
  1245 | D:2      | Noticed Crazy Yiuf
  1346 | D:2      | Reached XP level 3. HP: 18/31 MP: 3/3
  1810 | D:3      | Noticed Pargi
  1820 | D:3      | Killed Pargi
  1821 | D:3      | Reached skill level 6 in Axes
  1821 | D:3      | Reached XP level 4. HP: 37/38 MP: 4/4
  2098 | D:3      | Identified the ring of Abstinence {Fly rElec rN+ Str+6
                  | Int-4}
  2485 | D:4      | Reached XP level 5. HP: 44/45 MP: 5/5
  2630 | D:4      | Reached skill level 7 in Axes
  2707 | D:4      | Found an iron altar of Okawaru.
  2719 | D:4      | Became a worshipper of Warmaster Okawaru
  2721 | D:4      | Noticed a phantom
  2731 | D:4      | Killed a phantom
  2732 | D:4      | Reached XP level 6. HP: 42/51 MP: 6/6
  2835 | D:4      | Noticed Dowan
  2836 | D:4      | Noticed Duvessa
  2843 | D:4      | Reached skill level 8 in Axes
  2855 | D:4      | Gained mutation: You occasionally lose the ability to read
                  | scrolls when taking damage. [potion of mutation]
  2859 | D:4      | Slain by Duvessa

Illustrated notes

Levels and vault maps discovered:
D:1:      minmay_arrival_floating_metal, layout_basic
D:2:      layout_loops_ring, uniq_crazy_yiuf_cottage
D:3:      layout_loops_cross, serial_park_tiny_2, uniq_pargi
D:4:      layout_rooms, okawaru_gym_becter, minmay_temple_entry_large_hall,
          uniq_grinder, uniq_duvessa

Skill      XL: |  1  2  3  4  5  6 |
---------------+-------------------+-----
Axes           | 3 4 6 7 8 |  8.4
Fighting       | |  3.2
Armour         | |  3.2
Shields        | |  3.2

Action                     |  1- 3 |  4- 6 || total
---------------------------+-------+-------++-------
  Melee: War axe           |    73 |    69 ||   142
    Use: Potion            |       |     2 ||     2
 Armour: Scale mail        |    63 |    51 ||   114
  Dodge: Dodged            |    29 |    33 ||    62
  Block: Buckler           |    17 |    13 ||    30

Table legend: (Time is in decaauts)
 A = Elapsed time spent in this place.
 B = Non-inter-level travel time spent in this place.
 C = Inter-level travel time spent in this place.
 D = Time resting spent in this place.
 E = Time spent auto-exploring this place.
 F = Levels seen in this place.
 G = Mean time per level.
                   A        B        C        D        E       F      G
               +--------+--------+--------+--------+--------+-----+--------+
         Total |   2905 |   2813 |     92 |     61 |   2384 |   4 |  726.2 |
       Dungeon |   2905 |   2813 |     92 |     61 |   2384 |   4 |  726.2 |
               +--------+--------+--------+--------+--------+-----+--------+

Top non-repeatable levels by time:
     D:2: 938 daAuts
     D:1: 852 daAuts
     D:3: 723 daAuts
     D:4: 390 daAuts
